Cogmind - Beta 15 @@@ ROGUE MODE // 2025.05.10 @ 22:21:01 Player: LustLizard Result: Destroyed by XX-GRR(j) with Overtuned Pulse Rifle Performance ------------- Evolutions (0) 0 Regions Visited (4) 800 Robots Destroyed (35) 175 Value Destroyed (918) 918 Prototype IDs (6) 120 Alien Tech Used (0) 0 Bonus (697) 697 TOTAL SCORE: 2710 Bonus ------- Registered with UFD 300 Met Optimus in HQ 500 Friendly Fire -103 Cogmind --------- Core Integrity 0/250 Matter 261/300 Energy 128/150 System Corruption 0% Temperature Cool (12) Movement Walking (170) Ox1 Location -8/Scraptown Parts ------- > --- POWER (1) -------- Light Angular Momentum Engine > --- PROPULSION (2) --- Overtuned Titanium Leg > --- UTILITY (2) ------ Improved Heat Sink Large Storage Unit > --- WEAPON (2) ------- Overtuned Pulse Rifle Minigun > --- INVENTORY (15) --- Light Deuterium Engine Overtuned Titanium Leg Overtuned Titanium Leg Scrap Suit Large Storage Unit Advanced Sensor Array Improved Signal Interpreter Improved Terrain Scanner Terrain Scan Processor Lightning Gun Lightning Gun Rocket Launcher Peak State ------------ > --- POWER ------------ Light Angular Momentum Engine > --- PROPULSION ------- Overtuned Titanium Leg Makeshift Leg > --- UTILITY ---------- Improved Heat Sink Large Storage Unit > --- WEAPON ----------- Overtuned Pulse Rifle Minigun > --- INVENTORY -------- Light Deuterium Engine Overtuned Titanium Leg Overtuned Titanium Leg Scrap Suit Large Storage Unit Advanced Sensor Array Improved Signal Interpreter Improved Terrain Scanner Terrain Scan Processor Lightning Gun Lightning Gun Rocket Launcher [Rating: 26] Favorites ----------- Power Makeshift Power Source Engine Makeshift Power Source Power Core Light Nuclear Core Propulsion Carbon-fiber Leg Treads Improved Treads Leg Carbon-fiber Leg Wheel Subdweller Monowheel Utility Large Storage Unit Device Disposable Heat Sink Storage Large Storage Unit Protection Hardened Light Armor Plating Weapon Autogun Energy Gun Medium Laser Ballistic Gun Autogun Launcher Grenade Launcher Build | -11 -10 -10 -8 -8 ------- Run | Yrd Mat Sub Rec Scr Slots Evolved . | . . . . . Power . | . . . . . Propulsion . | . . . . . Utility . | . . . . . Weapon . | . . . . . Parts Attached 46 | 6 13 14 2 11 Power 9 | 1 1 5 . 2 Engine 8 | 1 1 4 . 2 Core 1 | . . 1 . . Reactor . | . . . . . Propulsion 13 | 2 3 5 1 2 Treads 2 | 1 1 . . . Leg 6 | . 1 2 1 2 Wheel 5 | 1 1 3 . . Hover . | . . . . . Flight . | . . . . . Utility 9 | 1 4 1 . 3 Device 4 | . 1 1 . 2 Storage 3 | 1 2 . . . Processor . | . . . . . Hackware . | . . . . . Protection 2 | . 1 . . 1 Artifact . | . . . . . Weapon 15 | 2 5 3 1 4 Energy Gun 8 | 2 3 . . 3 Energy Cannon . | . . . . . Ballistic Gun 5 | . 1 2 1 1 Ballistic Cannon . | . . . . . Launcher 2 | . 1 1 . . Special Weapon . | . . . . . Impact Weapon . | . . . . . Slashing Weapon . | . . . . . Piercing Weapon . | . . . . . Special Melee Weapon . | . . . . . Unidentified Prototypes . | . . . . . Parts Lost 4 | . . 1 . 3 Power 1 | . . . . 1 Propulsion 1 | . . . . 1 Utility 1 | . . . . 1 Weapon 1 | . . 1 . . Highest Loss Streak 3 | . . 1 . 3 To Critical Strikes . | . . . . . Average Backups 14 | 5 10 14 14 14 Power 1 | . 1 1 2 1 Propulsion 3 | 2 3 3 3 2 Utility 6 | . 2 6 6 6 Weapon 2 | 1 2 2 3 2 Tool/Special . | . . . . . Unused Backups 26 | . 7 1 3 15 Power 4 | . 2 . . 2 Propulsion 9 | . 2 1 2 4 Utility 10 | . 1 . 1 8 Weapon 3 | . 2 . . 1 Tool/Special . | . . . . . Average Slot Usage (%) 98 | . 96 97 100 99 Engine 12 | . 14 6 14 13 Core 1 | . . 7 . . Treads 4 | . 9 14 . . Leg 16 | . . . 27 27 Wheel 5 | . 18 11 . . Device 1 | . 2 5 . . Storage 14 | . 14 14 14 14 Protection 11 | . 8 8 14 13 Energy Gun 4 | . 25 . . . Ballistic Gun 21 | . 1 21 28 27 Launcher 1 | . . 6 . . Peak Build Rating 26 | 6 12 18 20 26 Average Rating 17 | 2 9 15 19 22 On Entrance 11 | . 6 12 17 20 Naked Turns . | . . . . . Heaviest Build 94 | 12 94 36 36 39 Greatest Support 39 | 16 26 23 30 39 Greatest Overweight (x) 3 | . 3 3 1 1 Average Overweight (x) 1 | . 1 1 1 . Largest Inventory Capacity 25 | 8 25 15 15 15 Average Capacity 14 | 7 14 15 15 15 Most Carried 18 | 8 18 15 15 15 Average Carried 14 | 5 10 14 14 14 Final Capacity 15 | 8 15 15 15 15 Final Carried 15 | 6 15 15 15 13 Class Distribution -------------------- 99% | Mutant Dominant Class ---------------- Mutant | -10/Materials Mutant | -10/Subcaves Mutant | -8/Recycling Mutant | -8/Scraptown Resources | -11 -10 -10 -8 -8 ----------- Run | Yrd Mat Sub Rec Scr Matter Collected 1133 | 195 183 466 133 156 Remotely . | . . . . . Salvage Created 1229 | . 647 291 115 176 Parts 80 | . 42 19 10 9 Haulers Intercepted 2 | . 2 . . . Recyclers Shooed 1 | . 1 . . . Parts Field Recycled . | . . . . . Retrieved Matter . | . . . . . Parts Self-Destructed 15 | . . 14 . 1 Prevented . | . . . . . Kills | -11 -10 -10 -8 -8 ------- Run | Yrd Mat Sub Rec Scr Combat Hostiles Destroyed 28 | . 14 9 2 3 Guns 21 | . 11 5 2 3 AOE 6 | . 2 4 . . Classes Destroyed 12 | . 7 2 1 2 Worker 1 | . 1 . . . Builder 1 | . 1 . . . Hauler 2 | . 2 . . . Recycler 1 | . 1 . . . Turret 1 | . . 1 . . Watcher 1 | . 1 . . . Swarmer 9 | . 6 3 . . Grunt 8 | . 8 . . . Sentry 2 | . . . 2 . Subdweller 6 | . . 6 . . Guru 1 | . . . . 1 Scrapper 2 | . . . . 2 Best Kill Streak 4 | . 3 4 1 2 Combat Bots Only 4 | . 3 4 1 2 Max Kills in Single Turn 2 | . 2 2 1 1 Gunslinging . | . . . . . Exploded 2 | . 2 2 . . Melee . | . . . . . Uniques/NPCs Destroyed . | . . . . . Combat | -11 -10 -10 -8 -8 -------- Run | Yrd Mat Sub Rec Scr Hostile Shots Fired 171 | . 51 61 6 53 Missed 58 | . 14 29 1 14 Hits 113 | . 37 32 5 39 Projectile 113 | . 37 32 5 39 Critical Strikes 2 | . . . . 2 Damage Taken 1491 | . 386 372 74 659 Core 269 | . 116 54 29 70 Absorbed by Shields . | . . . . . Core Remaining (%) 100 | 100 . . . . Volleys Fired 103 | . 43 36 4 20 Largest 2 | . 2 2 2 2 Hottest 105 | . 100 46 53 105 Shots Fired 178 | . 84 52 9 33 Gun 171 | . 83 46 9 33 Cannon . | . . . . . Launcher 7 | . 1 6 . . Special . | . . . . . Kinetic 79 | . 1 46 9 23 Thermal 64 | . 54 . . 10 Explosive 7 | . 1 6 . . Electromagnetic 28 | . 28 . . . Robot Hit Streak 14 | . 11 9 12 14 Robot Miss Streak 5 | . 4 5 . 2 Penetration Max . | . . . . . Secondary Targets 2 | . . 2 . . Max Gunslinging Chain 1 | . . 1 . . Shots Hit Robots 116 | . 50 31 9 26 Core Hits 60 | . 28 18 4 10 Critical Kills 1 | . . . . 1 Critical Parts Destroyed . | . . . . . Critical Strikes 4 | . 3 . . 1 Burn 3 | . 3 . . . Destroy 1 | . . . . 1 Melee Attacks . | . . . . . Impact . | . . . . . Slashing . | . . . . . Piercing . | . . . . . Sneak Attacks . | . . . . . Combat Hostiles . | . . . . . Follow-up Attacks . | . . . . . Damage Inflicted 2555 | . 766 1220 115 454 Guns 1668 | . 706 393 115 454 Cannons . | . . . . . Explosions 887 | . 60 827 . . Melee . | . . . . . Ramming . | . . . . . Kinetic 839 | . 13 393 115 318 Thermal 620 | . 484 . . 136 Explosive 887 | . 60 827 . . Electromagnetic 209 | . 209 . . . Impact . | . . . . . Slashing . | . . . . . Piercing . | . . . . . Highest Corruption 2 | . 2 2 2 2 Average Corruption 2 | . 2 2 2 2 Corruption Purged . | . . . . . Corruption Blocked . | . . . . . Effects 55 | . 11 18 24 2 Message Errors 14 | . 3 3 7 1 Matter Fused 15 | . 5 6 3 1 Heat Flow Errors 9 | . 2 2 5 . Energy Discharges 7 | . . 4 3 . Data Loss (minor) 6 | . . 2 4 . Data Loss (major) 3 | . 1 1 1 . Misfires 1 | . . . 1 . Overload Shots . | . . . . . Overflow Damage 8 | . 8 . . . Projectiles . | . . . . . Explosions 8 | . 8 . . . Melee . | . . . . . Knockbacks . | . . . . . Impact . | . . . . . Kinetic . | . . . . . Secondary . | . . . . . Self-Inflicted Damage 19 | . . 19 . . Shots 2 | . . 2 . . Rammed . | . . . . . Targets Rammed . | . . . . . Kicked . | . . . . . Crushed . | . . . . . Highest Temperature 360 | . 281 258 234 360 Average Temperature 88 | . 76 127 84 106 Received Heat Transfer 662 | . 153 132 27 350 Effects 2 | . . . . 2 Shutdowns 1 | . . . . 1 Energy Bleed 1 | . . . . 1 Siege Activations . | . . . . . Martial Activations . | . . . . . Shielding Activations . | . . . . . Robots Disrupted . | . . . . . Combat Hostiles . | . . . . . Robots Corrupted 1 | . 1 . . . Combat Hostiles 1 | . 1 . . . Parts Fried 2 | . 2 . . . Impact Corruptions . | . . . . . Robots Melted . | . . . . . Combat Hostiles . | . . . . . Parts Melted 6 | . 1 1 . 4 Heat Transferred 1864 | . 1628 . . 236 Parts Sabotaged . | . . . . . Parts Stolen . | . . . . . Parts Stripped . | . . . . . Power Chain Reactions . | . . . . . Alert | -11 -10 -10 -8 -8 ------- Run | Yrd Mat Sub Rec Scr Maximum Alert Level . | . . . . . Low Security (%) 100 | 100 100 . 100 . Level 1 . | . . . . . Level 2 . | . . . . . Level 3 . | . . . . . Level 4 . | . . . . . Level 5 . | . . . . . High Security . | . . . . . Max Security . | . . . . . Peak Influence 141 | . 141 . 59 . Initial 59 | . . . 59 . Average 23 | . 48 . 4 . Influence Increases 680 | . 476 140 64 . Destroy 0b10 Robot/C 400 | . 280 80 40 . Destroy 0b10 Robot/NC 30 | . 30 . . . Destroy Leader 56 | . 56 . . . Successful Hack 63 | . 39 . 24 . Destroy Structure 11 | . 11 . . . Lose Combat Pursuer 120 | . 60 60 . . Influence Decreases 680 | . 396 96 188 . Entered New Map 104 | . . 39 65 . Time Decay 558 | . 378 57 123 . Purge Threat 18 | . 18 . . . Squads Dispatched 1 | . 1 . . . Investigation . | . . . . . Extermination . | . . . . . Reinforcement 1 | . 1 . . . Assault . | . . . . . Garrison . | . . . . . Intercept . | . . . . . Searches Triggered . | . . . . . Construction Impeded . | . . . . . Haulers Reinforced . | . . . . . Active Scanning Responses . | . . . . . Cargo Convoy Interrupts . | . . . . . Stealth | -11 -10 -10 -8 -8 --------- Run | Yrd Mat Sub Rec Scr Distress Signals 1 | . 1 . . . Communications Jammed . | . . . . . Distress Signals . | . . . . . Times Spotted 83 | . 25 24 2 32 Peak Tracking Total 8 | . 3 6 1 8 Tactical Retreats 5 | . 3 1 . 1 Traps | -11 -10 -10 -8 -8 ------- Run | Yrd Mat Sub Rec Scr Traps Triggered 1 | . 1 . . . Indirectly . | . . . . . Trap Hack Attempts . | . . . . . Triggered . | . . . . . Disarmed . | . . . . . Reprogrammed . | . . . . . Reused . | . . . . . Traps Extracted . | . . . . . Installed . | . . . . . Triggered . | . . . . . Machines | -11 -10 -10 -8 -8 ---------- Run | Yrd Mat Sub Rec Scr Machines Disabled 1 | . 1 . . . Max in Single Turn 1 | . 1 . . . Machines Repaired . | . . . . . Machines Dismantled . | . . . . . Machines Sabotaged . | . . . . . Overloaded Fab Kills . | . . . . . Hacking | -11 -10 -10 -8 -8 --------- Run | Yrd Mat Sub Rec Scr Machines Accessed 22 | . 6 1 7 8 Terminals 11 | . 6 . 5 . Fabricators . | . . . . . Repair Stations . | . . . . . Recycling Units . | . . . . . Scanalyzers . | . . . . . Garrison Access . | . . . . . Total Hacks 86 | . 19 4 20 43 Successful 72 | . 10 4 15 43 Failed 14 | . 9 . 5 . Catastrophic 2 | . 1 . 1 . Database Lockouts . | . . . . . Manual 19 | . 15 . 4 . Terminals 30 | . 19 . 11 . Fabricators . | . . . . . Repair Stations . | . . . . . Recycling Units . | . . . . . Scanalyzers . | . . . . . Garrison Access . | . . . . . Terminal Hacks 69 | . 7 4 15 43 Record 55 | . . 4 9 42 Part Schematic 1 | . . . 1 . Robot Analysis 4 | . 3 . 1 . Branch Access Points 2 | . 1 . 1 . Alert Level 1 | . . . 1 . Unreport Threat 1 | . 1 . . . Locate Traps 2 | . 2 . . . Hauler Manifests 1 | . . . 1 . Proto ID Catalog 1 | . . . . 1 Release Object 1 | . . . 1 . Fabricator Hacks . | . . . . . Repair Station Hacks . | . . . . . Recycling Unit Hacks . | . . . . . Scanalyzer . | . . . . . Garrison Access Hacks . | . . . . . Unauthorized Hacks 3 | . 3 . . . Terminals 3 | . 3 . . . Assimilate 3 | . 3 . . . Fabricators . | . . . . . Repair Stations . | . . . . . Recycling Units . | . . . . . Scanalyzers . | . . . . . Garrison Access . | . . . . . Data Cores Recovered . | . . . . . Used . | . . . . . Hacking Detections 10 | . 5 . 5 . Full Trace Events . | . . . . . Feedback Events . | . . . . . Feedback Blocked . | . . . . . Robot Schematics Acquired . | . . . . . Robots Built . | . . . . . Authchips . | . . . . . Time . | . . . . . Total Robot Build Rating . | . . . . . Part Schematics Acquired 1 | . . . 1 . Parts Built . | . . . . . Authchips . | . . . . . Time . | . . . . . Total Part Build Rating . | . . . . . Parts Repaired . | . . . . . Time . | . . . . . Parts Recycled . | . . . . . Recycled Matter . | . . . . . Retrieved Matter . | . . . . . Retrieved Components . | . . . . . Parts Scanalyzed . | . . . . . Part Schematics Acquired . | . . . . . Parts Damaged . | . . . . . Bothacking | -11 -10 -10 -8 -8 ------------ Run | Yrd Mat Sub Rec Scr Used RIF Installer . | . . . . . Robots Hacked . | . . . . . Non-combat . | . . . . . Combat . | . . . . . Robot Hacks Applied . | . . . . . Relay Couplers Released . | . . . . . Fabnet Peak Effective % . | . . . . . Robots Rewired . | . . . . . Allies Hacked . | . . . . . Hacks Repelled . | . . . . . Allies | -11 -10 -10 -8 -8 -------- Run | Yrd Mat Sub Rec Scr Total Allies 1 | . 1 . . . Largest Group 1 | . 1 . . . Highest-Rated Group 10 | . 10 . . . Highest-Rated Ally 10 | . 10 . . . Total Orders . | . . . . . Ally Attacks . | . . . . . Total Damage . | . . . . . Kills . | . . . . . Allies Corrupted . | . . . . . Allies Melted 5 | . . . . 5 Intel | -11 -10 -10 -8 -8 ------- Run | Yrd Mat Sub Rec Scr Active Infowar (turns) 11 | . . . . 11 Sensors 11 | . . . . 11 Robot Analysis Total 4 | . 3 . 1 . Derelict Logs Recovered 4 | . . 2 . 2 Drone Launches . | . . . . . Drone Recoveries . | . . . . . Exploration | -11 -10 -10 -8 -8 ------------- Run | Yrd Mat Sub Rec Scr Turns Passed 7679 | 51 1331 1672 1656 2969 Spaces Moved 4501 | 36 976 1139 835 1515 Core 8 | 8 . . . . Treads 143 | . . 126 17 . Legs 2333 | . . . 818 1515 Wheels 2017 | 28 976 1013 . . Hover . | . . . . . Flight . | . . . . . Fastest Speed 50 | 50 100 120 190 120 Average Speed 158 | 88 115 133 191 188 Slowest Speed 240 | 100 135 240 240 190 Overloaded Moves . | . . . . . Propulsion Burnouts . | . . . . . Robots Hopped . | . . . . . Potential Cave-ins . | . . . . . Cave-ins Triggered . | . . . . . Exploration Rate (%) 70 | 3 92 74 99 86 Regions Visited 4 Branch Regions 3 Pre-discovered Areas 1 | . . 1 . . Known Exits Taken . | . . . . . Unknown Exits Taken 4 | 1 1 1 1 . Scrap Searched 9 | . . 1 . 8 Spaces Dug . | . . . . . Terrain Destroyed 35 | . 9 26 . . Melee . | . . . . . Projectile . | . . . . . AOE 35 | . 9 26 . . Terrain Rammed . | . . . . . Walls Destroyed . | . . . . . Machines Disabled . | . . . . . Actions | -11 -10 -10 -8 -8 --------- Run | Yrd Mat Sub Rec Scr Total 4904 | 54 1102 1253 894 1601 Wait 116 | 1 22 32 35 26 Move 4497 | 35 975 1138 834 1515 Hop . | . . . . . Pick Up 80 | 12 29 16 9 14 Fast Attach . | . . . . . Attach 38 | 6 9 11 3 9 Detach . | . . . . . Swap 12 | . 5 5 . 2 Drop 58 | . 19 15 9 15 Fire 103 | . 43 36 4 20 Melee . | . . . . . Ram . | . . . . . Kick . | . . . . . Crush . | . . . . . Escape Stasis . | . . . . . Rewire . | . . . . . Trap . | . . . . . Miscellaneous . | . . . . . Route ------- -11/Scrapyard -10/Materials (discovered 5 exits: [*Mat x3] / *Min / *Sub) -10/Subcaves (discovered 2 exits: [*Mat] / *Rec) -8/Recycling (discovered 2 exits: *Fac / *Scr) -8/Scraptown (discovered 2 exits: *Fac x2) History --------- Turn | Location | Event 22 | -11/Scrapyard | Discovered new exit (range 16) 52 | -11/Scrapyard | Entered Materials 267 | -10/Materials | Discovered new exit (range 11) 319 | -10/Materials | Discovered new exit (range 8) 334 | -10/Materials | Build established: Mutant 553 | -10/Materials | Discovered new exit (range 4) 594 | -10/Materials | Identified exit to Mines 839 | -10/Materials | Discovered new exit (range 13) 942 | -10/Materials | Discovered new exit (range 6) 1383 | -10/Materials | Entered Subcaves 1424 | -10/Subcaves | Discovered new exit (range 12) 1467 | -10/Subcaves | Ambushed by swarm of Subdwellers 1468 | -10/Subcaves | Core integrity fell below 50% 1469 | -10/Subcaves | Ambushed by Subdwellers from Twisted Machinery 1471 | -10/Subcaves | Ambushed by Subdwellers from Twisted Machinery 1471 | -10/Subcaves | Ambushed by Subdwellers from Twisted Machinery 1508 | -10/Subcaves | Learned Materials stockpile data 1551 | -10/Subcaves | Learned location of 1 exit from Materials 2672 | -10/Subcaves | A swath of the cavern ceiling suddenly collapsed 2710 | -10/Subcaves | A swath of the cavern ceiling suddenly collapsed 2936 | -10/Subcaves | Visited Clippyterm 2944 | -10/Subcaves | Learned location of Deep Caves (-7) 2944 | -10/Subcaves | Learned Factory fabricator intel 3013 | -10/Subcaves | Lost 4 allies 3019 | -10/Subcaves | Discovered new exit (range 16) 3055 | -10/Subcaves | Entered Recycling 3056 | -8/Recycling | Met a Zionite searching for Scraptown 3375 | -8/Recycling | Discovered new exit (range 15) 4629 | -8/Recycling | Scanned before Scraplab entrance 4661 | -8/Recycling | Entered Scraplab 4676 | -8/Recycling | Discovered new exit (range 4) 4711 | -8/Recycling | Entered Scraptown 4776 | -8/Scraptown | System corruption cleaned by C-Scrubber 5256 | -8/Scraptown | Visited TADAMA 5332 | -8/Scraptown | Visited UFD Registry 5359 | -8/Scraptown | Visited Shadow of the Wyrm 5391 | -8/Scraptown | Visited Bundlers 5486 | -8/Scraptown | Visited Fellowship of the Rings 5554 | -8/Scraptown | Visited Comm Corps 5680 | -8/Scraptown | Visited Symbiants 5739 | -8/Scraptown | Visited Assassins FH 6343 | -8/Scraptown | Scanned Subdweller tech in exchange for log data 6350 | -8/Scraptown | Learned location of 2 exits from Proximity Caves 6379 | -8/Scraptown | Discovered new exit (range 5) 6689 | -8/Scraptown | Registered with UFD as "Pulsecell" 6736 | -8/Scraptown | Visited Science Guys 6817 | -8/Scraptown | Visited Scrap Suit Storage 6839 | -8/Scraptown | Found Scrap Suit 6935 | -8/Scraptown | Visited Junk Repository 7312 | -8/Scraptown | Visited Sword Containment 7392 | -8/Scraptown | Met Optimus 7392 | -8/Scraptown | Accepted into 0bPrime 7481 | -8/Scraptown | Civil war broke out across Scraptown 7482 | -8/Scraptown | Core integrity fell below 20% 7555 | -8/Scraptown | Identified exit to Factory 7650 | -8/Scraptown | Visited Supply Room 7679 | -8/Scraptown | Optimus destroyed in the chaos of civil war 7680 | -8/Scraptown | Destroyed by XX-GRR(j) with Overtuned Pulse Rifle Last Messages --------------- 07656_ Bolt penetrates KZ-JWX(j). 07657_ KZ-JWX(j) destroyed. 07657_ Acquired Lightning Gun. 07659_ Dropped Grenade Launcher. 07660_ Acquired Lightning Gun. 07665_ Ovr. Pulse Rifle suddenly begins malfunctioning. 07666_ Bolt penetrates Wall. 07667_ Hrd. Medium Armor Plating destroyed. 07669_ Lgt. Deuterium Engine destroyed. 07670_ Critical hit (Burn: +50). 07672_ Bolt penetrates Wall. 07678_ Mak. Leg destroyed. 07678_ Supplies damaged. 07679_ XX-GRR(j) heat damages Ovr. Titanium Leg. 07679_ ANNOUNCEMENT: The traitor Optimus has been dealt with. Put down any remaining collaborators. 07680_ Ovr. Pulse Rifle recovered from malfunction. Map ----- +----------------------------------------------------+ | ?????????????????????????????????????????????????? | | ?????????????????????????????????????????????????? | | ?????????????????????????????????????????????????? | | ?????????????????????????????????????????????????? | | ?????????????????????????????????????????????????? | | ?????????????????????????????????????????????????? | | ?????????????????????????????????????????????????? | | ?????????????????????????????????????????????????? | | ???????????????????????????????????????????